 Dungeon Crawl Stone Soup version 0.20-a0-259-gc929cd2 (webtiles) character file.

83 rjrrt the Magician (level 4, -3/24 HPs)
             Began as a Deep Elf Fire Elementalist on Dec 3, 2016.
             Slain by a gnoll
             ... wielding a +0 spear
              (5 damage)
             ... on level 3 of the Dungeon.
             The game lasted 00:05:03 (2444 turns).

rjrrt the Magician (Deep Elf Fire Elementalist)     Turns: 2444, Time: 00:05:04

Health: -3/24      AC:  2    Str:  5    XL:     4   Next: 22%
Magic:  12/12      EV: 13    Int: 21    God:
Gold:   109        SH:  0    Dex: 15    Spells: 3/11 levels left

rFire  . . .     SeeInvis .     a - +2 whip (freeze)
rCold  . . .     Gourm    .     g - +0 robe
rNeg   . . .     Faith    .     (no shield)
rPois  .         Spirit   .     s - +0 hat
rElec  .         Reflect  .     (no cloak)
rCorr  .         Harm     .     (no gloves)
MR     .....                    (no boots)
Stlth  ++........               p - amulet of regeneration
                                (no ring)
                                (no ring)

@: no status effects
A: no striking features
a: no special abilities


You were on level 3 of the Dungeon.
You were hungry.

You visited 1 branch of the dungeon, and saw 3 of its levels.

You collected 109 gold pieces.

Inventory:

Hand Weapons
 a - a +2 whip of freezing (weapon)
 h - a +0 hunting sling
Missiles
 j - 84 stones
 l - 6 tomahawks (quivered)
Armour
 g - a +0 robe (worn)
 s - a +0 hat (worn)
Jewellery
 p - an amulet of regeneration (around neck)
Scrolls
 e - a scroll of identify
 q - a scroll of fear {unknown}
 r - a scroll of blinking {unknown}
 t - a scroll of enchant armour {unknown}
Potions
 f - 2 potions of flight
 i - a potion of mutation {unknown}
 k - a potion of brilliance {unknown}
 n - a potion of curing {unknown}
 o - a potion of heal wounds {unknown}
Books
 b - a book of Flames

   Spells                             Type                      Level
   a - Flame Tongue                   Conjuration/Fire             1
   b - Throw Flame                    Conjuration/Fire             2
   c - Conjure Flame                  Conjuration/Fire             3
   d - Inner Flame                    Hexes/Fire                   3
   e - Sticky Flame                   Conjuration/Fire             4
   f - Fireball                       Conjuration/Fire             5
Comestibles
 c - 2 bread rations
 d - a meat ration


   Skills:
 - Level 2.4 Dodging
 - Level 2.4 Stealth
 + Level 4.0 Spellcasting
 * Level 3.3 Conjurations
 + Level 3.8 Fire Magic


You had 3 spell levels left.
You knew the following spells:

 Your Spells              Type           Power        Failure   Level  Hunger
a - Flame Tongue          Conj/Fire      ###..        2%          1    None
b - Conjure Flame         Conj/Fire      ###.....     10%         3    ###....
c - Sticky Flame          Conj/Fire      ###.....     28%         4    ####...


Dungeon Overview and Level Annotations

Branches:
Dungeon (3/15)

Altars:

Annotations:
D:3 Grinder


Message History

11 gnolls, 2 gnoll shamans and an ogre come into view.
The gnoll shouts!
The gnoll hits you.
The gnoll shouts!
The gnoll shouts! x3; The gnoll shaman shouts!
The gnoll shouts!
The ogre shouts!
The gnoll shouts!
The gnoll shaman shouts!
The gnoll hits you from afar with a spear.
The gnoll shaman barely misses you. The gnoll misses you.
The gnoll hits you with a spear!
The gnoll shouts!
Unknown command.
As you read the scroll labeled FASOKA HALYHO, it crumbles to dust.
It is a scroll of identify.
f - 2 potions of flight The gnoll misses you.
The gnoll barely misses you. The gnoll hits you.
* * * LOW HITPOINT WARNING * * *
The gnoll shaman hits you with a club.
* * * LOW HITPOINT WARNING * * *
The gnoll hits you with a spear.
You die...

###############
.....g........+
.....ggOg.....#
...gggg@g.g...#
.....ggg......#
+############+#


You could see an ogre, 2 gnoll shamans and 11 gnolls.

Vanquished Creatures
  Terence (D:2)
  An adder (D:2)
  A worm (D:2)
  A dart slug (D:1)
  A leopard gecko (D:1)
  7 bats
  4 giant cockroaches
  2 goblins (D:2)
  5 hobgoblins
  9 kobolds
  A quokka (D:2)
  A ball python (D:3)
  5 frilled lizards
  6 rats
45 creatures vanquished.

Notes
Turn   | Place    | Note
-------+----------+-------------------------------------------
     0 | D:1      | rjrrt the Deep Elf Fire Elementalist began the quest for the Orb.
     0 | D:1      | Reached XP level 1. HP: 10/10 MP: 6/6
   210 | D:1      | Reached XP level 2. HP: 12/15 MP: 1/8
  1183 | D:2      | Noticed Terence
  1214 | D:2      | Reached XP level 3. HP: 19/19 MP: 6/9
  1222 | D:2      | Learned a level 3 spell: Conjure Flame
  1832 | D:2      | Killed Terence
  1832 | D:2      | Reached XP level 4. HP: 24/24 MP: 3/11
  1899 | D:2      | Learned a level 4 spell: Sticky Flame
  2069 | D:2      | Reached skill level 4 in Spellcasting
  2293 | D:3      | Noticed Grinder
  2442 | D:3      | Noticed an ogre
  2444 | D:3      | Slain by a gnoll

Vault maps used:
D:1:      mrwooster_arrival_arrow
D:2:      minmay_misc_feat_encased, uniq_terence
D:3:      lemuel_castle_with_subvaults, first_bread, uniq_sigmund, uniq_natasha,
          uniq_grinder

Skill      XL: |  1  2  3  4 |
---------------+-------------+-----
Conjurations   | 2 3 |  3.3
Spellcasting   | 4 |  4.0
Dodging        | |  2.4
Stealth        | |  2.4
Fire Magic     | |  3.8

Action                   |  1- 3 |  4- 6 || total
-------------------------+-------+-------++-------
Throw: Stone             |     6 |       ||     6
       Tomahawk          |       |     1 ||     1
 Cast: Flame Tongue      |    63 |    16 ||    79
       Conjure Flame     |     1 |       ||     1
  Use: Scroll            |       |     1 ||     1
  Eat: Chunk             |     2 |     2 ||     4
Armor: Robe              |     5 |     1 ||     6
Dodge: Dodged            |    14 |     8 ||    22
